[Event "Titled Tuesday Blitz April 26 Late 2022"]
[White "Maltsevskaya, Aleksandra"]
[Black "Bachmann, Axel"]
[WhiteFideId "24174041"]
[BlackFideId "3700488"]
[WhiteElo "2235"]
[BlackElo "2587"]
[Result "1-0"]
[Round "05"]
[TimeControl "180+1"]
[Date "2022.04.26"]
[WhiteClock "0:00:13"]
[BlackClock "0:00:01"]

1. e4 c5 2. Nf3 d6 3. d4 cxd4 4. Nxd4 Nf6 5. Nc3 a6 6. Bg5 Nbd7 7. Qd2 h6 8. Be3 Ng4 9. O-O-O Nxe3 10. Qxe3 e6 11. Bc4 b5 12. Bb3 Nc5 13. Kb1 Nxb3 14. cxb3 Bb7 15. f4 Be7 16. h4 Bxh4 17. f5 Bg5 18. Qg3 Qe7 19. Nf3 O-O-O 20. fxe6 fxe6 21. Nxg5 Qxg5 22. Qf2 Qe7 23. Rhe1 Rhf8 24. Qd4 Kb8 25. a4 Qd7 26. Qb4 Bc6 27. Rd2 d5 28. exd5 exd5 29. Re7 Qd6 30. Qxd6+ Rxd6 31. Ne4 Rf1+ 32. Ka2 Rg6 33. Nc5 bxa4 34. Nxa6+ Kc8 35. bxa4 Kd8 36. Ra7 Bxa4 37. Rxd5+ Ke8 38. Nc7+ Kf8 39. Rxa4 Rxg2 40. Nb5 Rff2 41. Rb4 Kg8 42. Nd4 Kh7 43. Rd7 h5 44. Rbb7 h4 45. Ne6 h3 46. Nxg7 Kh6 47. Rd6+ 1-0


[Site "https://www.chess.com"]

[Event "Titled Tuesday Blitz April 26 Late 2022"]
[White "Manukyan, Artyom"]
[Black "Petrovic, Aleksa"]
[WhiteFideId "13305786"]
[BlackFideId "967629"]
[WhiteElo "2034"]
[BlackElo "2198"]
[Result "0-1"]
[Round "05"]
[TimeControl "180+1"]
[Date "2022.04.26"]
[WhiteClock "0:00:04"]
[BlackClock "0:00:05"]

1. e4 e6 2. d4 d5 3. Bd3 dxe4 4. Bxe4 Nf6 5. Bf3 c5 6. Ne2 Nc6 7. Be3 Nd5 8. Bxd5 Qxd5 9. Nbc3 Qc4 10. b3 Qa6 11. dxc5 Be7 12. a3 O-O 13. b4 Rd8 14. Qc1 Qc4 15. O-O Bf6 16. Rd1 Bd7 17. Rd3 Be8 18. Qd2 a5 19. b5 Ne5 20. Rd4 Rxd4 21. Bxd4 Bxb5 22. Nxb5 Qxb5 23. Rd1 Rd8 24. c3 Nc6 25. Qc2 e5 26. Rb1 Qc4 27. Be3 Ne7 28. Rxb7 Qe4 29. Rb8 Qd5 30. Rxd8+ Qxd8 31. Qd2 Nd5 32. c4 Nxe3 33. Qxd8+ Bxd8 34. fxe3 Kf8 35. Nc3 Ke7 36. Na4 Kd7 37. Kf2 Kc6 38. Kf3 f5 39. g4 g6 40. e4 f4 41. h3 Be7 42. Nc3 Bxc5 43. a4 Bd4 44. Nd5 Kc5 45. Nf6 Kxc4 46. Nxh7 Kb4 47. h4 Kxa4 48. h5 gxh5 49. gxh5 Kb3 50. h6 Bc5 51. Ng5 Bf8 52. h7 Bg7 53. Ne6 Bh8 54. Kg4 a4 55. Nc5+ Kb4 56. Nd3+ Kc3 57. Nc1 a3 58. Na2+ Kb3 59. Nc1+ Kb2 60. Nd3+ Kc3 61. Nc1 Kc2 62. Na2 Kb2 63. Nb4 a2 64. Nd3+ Kb1 0-1


[Site "https://www.chess.com"]

[Event "Titled Tuesday Blitz April 26 Late 2022"]
[White "Mardov, Dimitar"]
[Black "Rastbod, Ali"]
[WhiteFideId "30919495"]
[BlackFideId "12567477"]
[WhiteElo "2185"]
[BlackElo "2147"]
[Result "1-0"]
[Round "05"]
[TimeControl "180+1"]
[Date "2022.04.26"]
[WhiteClock "0:01:20"]
[BlackClock "0:01:23"]

1. e4 c5 2. Nf3 e6 3. d4 cxd4 4. Nxd4 Nc6 5. Nc3 Qc7 6. f4 a6 7. Nxc6 bxc6 8. e5 d5 9. exd6 Bxd6 10. Ne4 Bxf4 11. Bxf4 Qxf4 12. Qd4 e5 13. Nd6+ Kf8 14. Qc5 Qd4 15. Qxc6 Bb7 16. Qxb7 Ra7 17. Qb8+ 1-0


[Site "https://www.chess.com"]

[Event "Titled Tuesday Blitz April 26 Late 2022"]
[White "Martic, Ivan"]
[Black "Eswaran, Ashritha"]
[WhiteFideId "929301"]
[BlackFideId "2080788"]
[WhiteElo "2317"]
[BlackElo "2432"]
[Result "1-0"]
[Round "05"]
[TimeControl "180+1"]
[Date "2022.04.26"]
[WhiteClock "0:00:16"]
[BlackClock "0:00:29"]

1. e4 c6 2. d3 d5 3. Nd2 e5 4. Ngf3 Bd6 5. g3 Nf6 6. Bg2 O-O 7. O-O Nbd7 8. Re1 Re8 9. c3 Qc7 10. Qc2 Nf8 11. b4 a6 12. Bb2 g6 13. a3 Ne6 14. Rac1 h5 15. exd5 cxd5 16. c4 d4 17. c5 Bf8 18. Nxe5 Nh7 19. Ndc4 Nhg5 20. h4 Nh7 21. Nb6 Rb8 22. Re2 Nxc5 23. bxc5 Rxe5 24. Bxd4 Rxe2 25. Qxe2 Bg4 26. Qe5 Qxe5 27. Bxe5 Re8 28. d4 Bh6 29. Rb1 f6 30. Bd5+ Kg7 31. Bd6 Bd2 32. Nc4 Bc3 33. Rxb7+ Kh6 34. Ne3 Bxd4 35. Nxg4+ hxg4 36. Kf1 Rc8 37. c6 Be5 38. Bb4 Rc7 39. Bd2+ g5 40. hxg5+ fxg5 41. Rb4 Nf6 42. Bg2 Kg6 43. Ra4 Ra7 44. Ra5 Bc7 45. Rxg5+ Kf7 46. Rf5 Ke6 47. Rg5 a5 48. Rg7 a4 49. Bg5 Nd5 50. Rg6+ Kf5 51. Rg7 Nb6 52. Bd8 Na8 53. Bd5 Ke5 54. Bc4 Kd6 55. Rg6+ Kc5 56. Bxc7 Rxc7 57. Be2 Rxc6 58. Rxg4 Nb6 59. Kg2 Kd6 60. Rd4+ Ke5 61. Rb4 Nd5 62. Rb5 Rc3 63. Bf3 Kd4 64. Rxd5+ Kc4 65. Rf5 Rxa3 66. Rf4+ Kc3 67. Bd5 Ra1 68. Bf7 a3 69. g4 a2 70. Bxa2 Rxa2 71. g5 Ra5 72. Rg4 Ra7 73. g6 Rg7 74. Kg3 Kd3 75. Kh4 Ke2 76. Kg5 Kxf2 77. Kf6 Rg8 78. Kf7 Kf3 79. Kxg8 Kxg4 80. g7 Kg5 81. Kf7 Kf5 82. g8=Q Ke5 83. Qg6 Kd4 84. Qf6+ Ke3 85. Kg6 Kd2 86. Qf5 Kc1 87. Kg5 Kd2 88. Qf3 Kc2 89. Kf4 Kc1 90. Qg2 Kb1 91. Ke3 Kc1 92. Kd3 1-0


[Site "https://www.chess.com"]

[Event "Titled Tuesday Blitz April 26 Late 2022"]
[White "Meduri, Aakaash"]
[Black "Naroditsky, Daniel"]
[WhiteFideId "2032252"]
[BlackFideId "2026961"]
[WhiteElo "2096"]
[BlackElo "2608"]
[Result "0-1"]
[Round "05"]
[TimeControl "180+1"]
[Date "2022.04.26"]
[WhiteClock "0:00:14"]
[BlackClock "0:01:26"]

1. d4 Nf6 2. Bf4 c5 3. dxc5 Na6 4. Nc3 Nxc5 5. Nf3 d6 6. e3 g6 7. h4 Bg7 8. Be2 h6 9. Rb1 Bg4 10. Bb5+ Nfd7 11. Be2 Qa5 12. O-O Bxc3 13. bxc3 Qxc3 14. Bg3 O-O 15. Nd4 Bxe2 16. Qxe2 a6 17. h5 g5 18. Nf5 Qf6 19. e4 b5 20. f4 Kh7 21. fxg5 hxg5 22. Rbd1 Qe6 23. h6 Nf6 24. e5 Nfe4 25. Bh2 Nc3 26. Qe3 Nxd1 27. Nd4 Nxe3 0-1


[Site "https://www.chess.com"]

[Event "Titled Tuesday Blitz April 26 Late 2022"]
[White "Melikhov, Evgeny V."]
[Black "Carrasco Miranda, Andres"]
[WhiteFideId "4122046"]
[BlackFideId "3405990"]
[WhiteElo "1931"]
[BlackElo "2177"]
[Result "1-0"]
[Round "05"]
[TimeControl "180+1"]
[Date "2022.04.26"]
[WhiteClock "0:00:25"]
[BlackClock "0:00:25"]

1. d4 Nf6 2. c4 g6 3. Nc3 d5 4. cxd5 Nxd5 5. e4 Nxc3 6. bxc3 Bg7 7. Bc4 c5 8. Ne2 O-O 9. Be3 Nc6 10. h4 cxd4 11. cxd4 Qa5+ 12. Kf1 Bg4 13. f3 Bd7 14. h5 Rac8 15. h6 Bh8 16. Rc1 b5 17. Bb3 Qa3 18. e5 Na5 19. Qd3 Nxb3 20. Qxb3 Qxb3 21. axb3 Rxc1+ 22. Bxc1 f6 23. Bb2 fxe5 24. dxe5 b4 25. Kf2 Rc8 26. Rc1 a5 27. Rxc8+ Bxc8 28. f4 Kf7 29. Nd4 g5 30. g3 gxf4 31. gxf4 Be6 32. Nxe6 Kxe6 33. Kf3 Kd5 34. Ke3 e6 35. Kd3 Kc5 36. Bd4+ Kb5 37. Kc2 a4 38. bxa4+ Kxa4 39. Bc5 Kb5 40. Bf8 Kc4 41. Bg7 Kd4 42. Bxh8 Ke4 43. Bg7 Kxf4 44. Kb3 1-0


[Site "https://www.chess.com"]

[Event "Titled Tuesday Blitz April 26 Late 2022"]
[White "Melkumyan, Hrant"]
[Black "Dubov, Daniil"]
[WhiteFideId "13302485"]
[BlackFideId "24126055"]
[WhiteElo "2604"]
[BlackElo "2791"]
[Result "1-0"]
[Round "05"]
[TimeControl "180+1"]
[Date "2022.04.26"]
[WhiteClock "0:00:15"]
[BlackClock "0:00:02"]

1. c4 c6 2. Nf3 d5 3. e3 Nf6 4. Nc3 g6 5. d4 Bg7 6. Be2 O-O 7. O-O Nbd7 8. b4 dxc4 9. Bxc4 Nb6 10. Bb3 Nfd5 11. Nxd5 cxd5 12. a4 Bf5 13. Ba3 Nc4 14. a5 Nxa3 15. Rxa3 Qd6 16. Qd2 Rfc8 17. Raa1 Rc7 18. Rfc1 Rac8 19. Rc5 e6 20. h3 h5 21. Bd1 b6 22. axb6 axb6 23. Ra6 Rc6 24. Rxc6 Qxc6 25. Ra1 Bf6 26. Ne5 Bxe5 27. dxe5 Qc3 28. Qxc3 Rxc3 29. Be2 Bd3 30. Bxd3 Rxd3 31. Ra6 Rd1+ 32. Kh2 h4 33. g3 hxg3+ 34. Kxg3 d4 35. exd4 Rxd4 36. Rxb6 g5 37. b5 Rb4 38. Rb8+ Kg7 39. b6 Kg6 40. Rb7 Rb5 41. Kf3 Rxe5 42. Rd7 Rb5 43. b7 f5 44. Ke3 Kf6 45. Kd4 f4 46. Kc4 Rb1 47. Kc5 e5 48. Rd6+ Kf5 49. Rb6 1-0


[Site "https://www.chess.com"]

[Event "Titled Tuesday Blitz April 26 Late 2022"]
[White "Menna Barreto, Felipe Kubiaki"]
[Black "Vovk, Orest"]
[WhiteFideId "2119757"]
[BlackFideId "14113490"]
[WhiteElo "2261"]
[BlackElo "2203"]
[Result "1-0"]
[Round "05"]
[TimeControl "180+1"]
[Date "2022.04.26"]
[WhiteClock "0:01:06"]
[BlackClock "0:00:05"]

1. e4 d6 2. d4 Nd7 3. c4 e5 4. d5 Ngf6 5. Nc3 Be7 6. Bd3 O-O 7. Nge2 Nc5 8. Bc2 a5 9. O-O Ne8 10. Ng3 g6 11. Bh6 Ng7 12. a3 Bg5 13. Bxg5 Qxg5 14. b4 axb4 15. axb4 Rxa1 16. Qxa1 Na6 17. Qb2 f5 18. exf5 gxf5 19. f4 exf4 20. Nge2 Nh5 21. Nb5 Kf7 22. Nbd4 Rg8 23. Rf2 Bd7 24. Nf3 Qf6 25. Ned4 Re8 26. Qc3 Re3 27. Qd2 Ra3 28. Rf1 Qe7 29. Re1 Re3 30. Ra1 Kf6 31. Bd3 Nxb4 32. Qxb4 Rxd3 33. Qxb7 Rxd4 34. Qb2 Qe3+ 35. Kh1 Kf7 36. Qxd4 Nf6 37. Qxe3 fxe3 38. Ng5+ Kg6 39. Ne6 Ne4 40. Nf8+ Kg5 41. Nxd7 Nd2 42. Nf8 Kf4 43. Ne6+ Ke4 44. Nxc7 f4 45. c5 dxc5 46. d6 Nb3 47. Re1 Nd4 48. d7 Nc6 49. Ne6 c4 50. d8=Q Nxd8 51. Nxd8 c3 52. Nc6 Kd3 53. Kg1 Kd2 54. Kf1 c2 55. Nd4 c1=Q 56. Nb3+ 1-0


[Site "https://www.chess.com"]

[Event "Titled Tuesday Blitz April 26 Late 2022"]
[White "Mikhalsky, Vladimir"]
[Black "Maksimovic, Bojan"]
[WhiteFideId "14144352"]
[BlackFideId "14408120"]
[WhiteElo "2301"]
[BlackElo "2448"]
[Result "0-1"]
[Round "05"]
[TimeControl "180+1"]
[Date "2022.04.26"]
[WhiteClock "0:00:53"]
[BlackClock "0:01:06"]

1. c4 d6 2. Nc3 e5 3. g3 g6 4. Bg2 Bg7 5. d3 Nf6 6. e3 Nc6 7. Nge2 O-O 8. O-O Bf5 9. h3 Qd7 10. Kh2 Rae8 11. e4 Be6 12. g4 Bxg4 13. hxg4 Nxg4+ 14. Kg1 f5 15. Bh3 fxe4 16. Ng3 Rf3 17. Ncxe4 Nd4 18. Ng5 Ref8 19. Be3 Bh6 20. Bxd4 Bxg5 21. Bc3 Be3 22. Kg2 Rxf2+ 23. Rxf2 Rxf2+ 24. Kg1 Rd2+ 25. Kf1 Nh2+ 26. Ke1 Rxd1+ 27. Rxd1 Qxh3 0-1


[Site "https://www.chess.com"]

[Event "Titled Tuesday Blitz April 26 Late 2022"]
[White "Moiseenko, Alexander"]
[Black "Hnydiuk, Aleksander"]
[WhiteFideId "14102560"]
[BlackFideId "1109057"]
[WhiteElo "2577"]
[BlackElo "2374"]
[Result "1/2-1/2"]
[Round "05"]
[TimeControl "180+1"]
[Date "2022.04.26"]
[WhiteClock "0:00:08"]
[BlackClock "0:00:29"]

1. d4 Nf6 2. Bg5 d5 3. e3 c5 4. Bxf6 gxf6 5. dxc5 e6 6. c4 dxc4 7. Nd2 c3 8. bxc3 Bxc5 9. Ngf3 Nc6 10. Be2 O-O 11. O-O f5 12. Nd4 Bd7 13. Rb1 b6 14. Bf3 Rc8 15. Nc4 Qc7 16. Nb5 Qd8 17. Bxc6 Bxc6 18. Nxa7 Bd5 19. Ne5 Qg5 20. Nf3 Bxf3 21. Qxf3 Ra8 22. Qb7 f4 23. exf4 Qxf4 24. g3 Qd2 25. a4 Rfb8 26. Qc7 Qxc3 27. Nb5 Qc2 28. Qf4 Qxa4 29. Qg5+ Kf8 30. Qh6+ Kg8 31. Qg5+ Kf8 32. Qh6+ Ke7 33. Qg5+ Kf8 1/2-1/2


[Site "https://www.chess.com"]

[Event "Titled Tuesday Blitz April 26 Late 2022"]
[White "Moraes, Nelson da Silva"]
[Black "Korchmar, Vasiliy"]
[WhiteFideId "2140772"]
[BlackFideId "24131750"]
[WhiteElo "2123"]
[BlackElo "2370"]
[Result "1-0"]
[Round "05"]
[TimeControl "180+1"]
[Date "2022.04.26"]
[WhiteClock "0:00:36"]
[BlackClock "0:00:03"]

1. e4 c5 2. Nf3 d6 3. d4 cxd4 4. Nxd4 Nf6 5. Nc3 Nc6 6. Be3 e5 7. Nf3 Be7 8. h3 h6 9. Bc4 O-O 10. O-O Be6 11. Qe2 Rc8 12. Rad1 Nd4 13. Rxd4 exd4 14. Bxe6 fxe6 15. Nxd4 Qd7 16. Rd1 Rxc3 17. bxc3 Nxe4 18. Qg4 Nxc3 19. Nxe6 Rf7 20. Re1 Nd5 21. Bxh6 Bf6 22. Qc4 Nb6 23. Qg4 Re7 24. Bc1 Be5 25. Nf4 Qxg4 26. hxg4 Rc7 27. Re2 Rc4 28. g3 Ra4 29. c3 Rc4 30. Bd2 Na4 31. Nd5 Kf8 32. f3 Nxc3 33. Rxe5 dxe5 34. Nxc3 Rb4 35. Kf1 Rb2 36. Ke2 b5 37. Kd3 b4 38. Nd1 a5 39. Nxb2 1-0


[Site "https://www.chess.com"]

[Event "Titled Tuesday Blitz April 26 Late 2022"]
[White "Moral Garcia, Serafin"]
[Black "Romero Ruscalleda, Josep"]
[WhiteFideId "2201925"]
[BlackFideId "2231859"]
[WhiteElo "2228"]
[BlackElo "2318"]
[Result "1-0"]
[Round "05"]
[TimeControl "180+1"]
[Date "2022.04.26"]
[WhiteClock "0:00:44"]
[BlackClock "0:00:07"]

1. e4 g6 2. d4 Bg7 3. Nc3 d6 4. Be3 a6 5. f3 b5 6. Qd2 Nd7 7. Nh3 Nb6 8. Nf2 Bb7 9. a4 Nc4 10. Bxc4 bxc4 11. a5 Nf6 12. Ra4 c6 13. Rxc4 Qxa5 14. O-O O-O 15. Nd5 Qd8 16. Nxf6+ Bxf6 17. Bg5 Bg7 18. Bh6 Rb8 19. Ra1 Qd7 20. Ra5 Rfc8 21. Bxg7 Kxg7 22. Ng4 d5 23. exd5 cxd5 24. Qh6+ Kg8 25. Rcc5 Qf5 26. Qe3 Qd7 27. h4 h5 28. Ne5 Qf5 29. Qb3 Rxc5 30. Rxc5 Qf4 31. Qb4 Qxh4 32. Nd7 Bc8 33. Nxb8 1-0


[Site "https://www.chess.com"]

[Event "Titled Tuesday Blitz April 26 Late 2022"]
[White "Mortazavi, Ali"]
[Black "Kujawski, Adam"]
[WhiteFideId "401323"]
[BlackFideId "1100920"]
[WhiteElo "2339"]
[BlackElo "2053"]
[Result "0-1"]
[Round "05"]
[TimeControl "180+1"]
[Date "2022.04.26"]
[WhiteClock "0:00:05"]
[BlackClock "0:00:07"]

1. Nf3 d5 2. g3 Nc6 3. Bg2 e5 4. d3 h6 5. O-O Nf6 6. Nbd2 Be7 7. e4 dxe4 8. dxe4 Be6 9. c3 Qd3 10. Re1 O-O 11. Bf1 Qd7 12. b4 Rfd8 13. Qc2 a6 14. Nc4 Bxc4 15. Bxc4 Qg4 16. Nh4 Bf8 17. f3 Qh5 18. Kg2 Nh7 19. Qf2 Be7 20. Nf5 Bg5 21. g4 Qg6 22. h4 Bxc1 23. Raxc1 Qf6 24. Rcd1 Rxd1 25. Rxd1 Rd8 26. Rxd8+ Qxd8 27. Qe2 Qd7 28. Kg3 Ne7 29. Nxe7+ Qxe7 30. Qd3 Kf8 31. a4 Nf6 32. Bb3 Ne8 33. Qd5 Nd6 34. b5 axb5 35. axb5 Qf6 36. b6 cxb6 37. Qd2 Ke7 38. Bd5 b5 39. Kg2 g5 40. h5 Qf4 41. Qa2 Qe3 42. Kg3 Qe1+ 43. Kg2 Qc1 44. Qa3 Qxa3 45. Kg3 Qc5 0-1


[Site "https://www.chess.com"]

[Event "Titled Tuesday Blitz April 26 Late 2022"]
[White "Moskalenko, Alexander"]
[Black "Brodowski, Piotr"]
[WhiteFideId "4155351"]
[BlackFideId "1124480"]
[WhiteElo "2434"]
[BlackElo "2422"]
[Result "1-0"]
[Round "05"]
[TimeControl "180+1"]
[Date "2022.04.26"]
[WhiteClock "0:00:29"]
[BlackClock "0:00:03"]

1. c4 e5 2. Nc3 Nc6 3. Nf3 f5 4. g3 Nf6 5. d4 e4 6. Nh4 d5 7. Bg5 dxc4 8. e3 h6 9. Bxf6 Qxf6 10. Bxc4 g5 11. Qh5+ Kd8 12. Ng6 Rh7 13. Nd5 Bb4+ 14. Ke2 Qg7 15. Nxb4 Nxb4 16. Ne5 c6 17. a3 Nd5 18. Bxd5 cxd5 19. h4 g4 20. Rhc1 Be6 21. Rc3 Qf6 22. Rac1 Rg7 23. b4 Rc8 24. Rxc8+ Bxc8 25. b5 Be6 26. a4 Ke7 27. Rc7+ Kf8 28. Rc5 Rg8 29. Rxd5 Kg7 30. Rc5 Kh8 31. Rc7 Bb3 32. Nf7+ Bxf7 33. Qxf7 Qxf7 34. Rxf7 Rc8 35. Rxb7 Rc2+ 36. Kf1 Rc1+ 37. Kg2 Ra1 38. Rxa7 Kg8 39. b6 1-0


[Site "https://www.chess.com"]

[Event "Titled Tuesday Blitz April 26 Late 2022"]
[White "Moussard, Jules"]
[Black "Zhigalko, Sergei"]
[WhiteFideId "642908"]
[BlackFideId "13502956"]
[WhiteElo "2589"]
[BlackElo "2662"]
[Result "1-0"]
[Round "05"]
[TimeControl "180+1"]
[Date "2022.04.26"]
[WhiteClock "0:00:12"]
[BlackClock "0:00:02"]

1. Nf3 d5 2. b3 Bf5 3. Bb2 e6 4. g3 h6 5. Bg2 Nf6 6. O-O Be7 7. c4 c6 8. d3 O-O 9. Nbd2 a5 10. a3 Nbd7 11. Ra2 Bd6 12. e4 Bg4 13. h3 Bxf3 14. Nxf3 dxe4 15. dxe4 Nxe4 16. Nh2 Ndc5 17. Ra1 Be7 18. Qc2 Bf6 19. Rad1 Qb6 20. b4 axb4 21. axb4 Qxb4 22. Rb1 Bxb2 23. Bxe4 Nxe4 24. Qxe4 Qa3 25. Rfd1 c5 26. Nf3 Bf6 27. Rxb7 Qa4 28. Rdd7 Rab8 29. Rxf7 Rxb7 30. Rxb7 Qd1+ 31. Kg2 Qd6 32. h4 Bd4 33. h5 Bf6 34. Nh2 Kh8 35. Ng4 Bd4 36. Kh3 Qa6 37. Nxh6 Qxc4 38. Nf7+ Kg8 39. Ng5 Qf1+ 40. Kh4 1-0


[Site "https://www.chess.com"]

[Event "Titled Tuesday Blitz April 26 Late 2022"]
[White "Muradli, Mahammad"]
[Black "Rosen, Eric"]
[WhiteFideId "13409301"]
[BlackFideId "2032562"]
[WhiteElo "2611"]
[BlackElo "2362"]
[Result "1-0"]
[Round "05"]
[TimeControl "180+1"]
[Date "2022.04.26"]
[WhiteClock "0:00:08"]
[BlackClock "0:00:02"]

1. Nf3 d5 2. g3 Nf6 3. Bg2 e6 4. c4 dxc4 5. Qa4+ c6 6. Qxc4 b5 7. Qc2 Bb7 8. a4 Nbd7 9. O-O a6 10. d3 Be7 11. Nbd2 c5 12. b3 O-O 13. Bb2 Qb6 14. Rfc1 Rac8 15. Qd1 Rfd8 16. Bc3 Nd5 17. Bb2 Nb4 18. Qe1 Bf6 19. Bxf6 Nxf6 20. Ne5 Bxg2 21. Kxg2 Rd5 22. Nef3 Rcd8 23. Ne4 Nxe4 24. dxe4 R5d7 25. Qc3 Rc7 26. axb5 axb5 27. h4 h6 28. Qe3 Rdc8 29. Qf4 Qb7 30. Ne5 Qb6 31. h5 Nc6 32. Ng4 Nd4 33. Qe3 Rd7 34. Rc3 Qd6 35. Rac1 Rdc7 36. Rd1 Qe7 37. b4 e5 38. bxc5 Rxc5 39. Rxc5 Qxc5 40. Nxe5 Qxe5 41. Rxd4 Qxh5 42. Rd5 Qg6 43. Rxb5 Qc6 44. Rb6 Qc4 45. f3 Rd8 46. Rb2 Rd1 47. Qb3 Qc7 48. Qxd1 Qe5 49. Rd2 Kh7 50. Rd8 h5 51. Rd5 Qb2 52. Rxh5+ Kg8 53. Rd5 g6 54. Rd8+ Kh7 55. Qd2 Qb5 56. Rd7 Kg8 57. Rd5 Qa6 58. Qd3 Qf6 59. Kf2 g5 60. Qd4 Qa6 61. Rd8+ Kh7 62. Qh8+ Kg6 63. Rg8# 1-0


[Site "https://www.chess.com"]

[Event "Titled Tuesday Blitz April 26 Late 2022"]
[White "Nakada, Akira"]
[Black "Kohler, Aran"]
[WhiteFideId "30903920"]
[BlackFideId "1002856"]
[WhiteElo "1947"]
[BlackElo "2292"]
[Result "1-0"]
[Round "05"]
[TimeControl "180+1"]
[Date "2022.04.26"]
[WhiteClock "0:00:52"]
[BlackClock "0:00:12"]

1. c4 e5 2. Nc3 Nf6 3. Nf3 e4 4. Ng5 b5 5. d3 bxc4 6. dxc4 Bb4 7. Qc2 Qe7 8. Bf4 h6 9. Nh3 Na6 10. a3 Bxc3+ 11. Qxc3 d6 12. g3 g5 13. Be3 Nc5 14. Bg2 Bf5 15. O-O Qe6 16. f4 Bxh3 17. Bxh3 Qxh3 18. Qxf6 O-O 19. Bd4 Ne6 20. Qh8# 1-0


[Site "https://www.chess.com"]

[Event "Titled Tuesday Blitz April 26 Late 2022"]
[White "Nazaretyan, Tigran"]
[Black "Kukula, Pawel"]
[WhiteFideId "24162345"]
[BlackFideId "1115081"]
[WhiteElo "2225"]
[BlackElo "2152"]
[Result "1-0"]
[Round "05"]
[TimeControl "180+1"]
[Date "2022.04.26"]
[WhiteClock "0:00:25"]
[BlackClock "0:00:29"]

1. d4 Nf6 2. c4 g6 3. Nc3 Bg7 4. e4 d6 5. Nf3 O-O 6. Be2 e5 7. O-O Nc6 8. d5 Ne7 9. b4 Nh5 10. g3 a5 11. Ba3 axb4 12. Bxb4 b6 13. a4 f5 14. Ng5 Nf6 15. Bf3 fxe4 16. Ncxe4 Nxe4 17. Bxe4 Nf5 18. Ne6 Bxe6 19. dxe6 Nd4 20. Bc3 Rb8 21. Bxd4 exd4 22. h4 Qf6 23. h5 g5 24. Ra3 Kh8 25. Qg4 Qe5 26. Kg2 Rf6 27. Bd5 Rbf8 28. Rf3 Rxf3 29. Bxf3 d3 30. h6 Bf6 31. Rd1 Re8 32. Rxd3 Qxe6 33. Re3 Qf7 34. Bd5 Qf8 35. Re6 Rxe6 36. Qxe6 Bd4 37. f3 Bc3 38. Be4 Bf6 39. Bd5 Bc3 40. Qd7 Bd4 41. Be4 Bf6 42. Qxh7# 1-0


[Site "https://www.chess.com"]

[Event "Titled Tuesday Blitz April 26 Late 2022"]
[White "Onslow, Alfie"]
[Black "Veiga, Emerson de Sousa"]
[WhiteFideId "436976"]
[BlackFideId "2151898"]
[WhiteElo "1884"]
[BlackElo "2034"]
[Result "0-1"]
[Round "05"]
[TimeControl "180+1"]
[Date "2022.04.26"]
[WhiteClock "0:00:01"]
[BlackClock "0:00:43"]

1. e4 c5 2. Nc3 d6 3. d4 cxd4 4. Qxd4 Nc6 5. Qd2 Nf6 6. b3 g6 7. Bb2 Bg7 8. O-O-O O-O 9. f4 Be6 10. Nf3 Qa5 11. Kb1 Rfc8 12. h3 b5 13. g4 Nb4 14. a3 Nxc2 15. Qxc2 Nxe4 16. b4 Nxc3+ 17. Qxc3 Rxc3 18. bxa5 Rxf3 19. Bg2 Rb3 20. Bxa8 Rxb2+ 21. Kc1 Rb3 22. Bd5 Rc3+ 23. Kb1 Rxa3 24. Bxe6 fxe6 25. Kc2 Rxa5 26. Kb3 Ra4 27. Rhf1 a5 28. h4 Rb4+ 29. Kc2 a4 30. Rb1 Rc4+ 31. Kd3 Rd4+ 32. Ke3 b4 33. Rfd1 Rc4 34. Rd3 b3 35. Kf3 Bd4 36. Rbd1 e5 0-1


[Site "https://www.chess.com"]

[Event "Titled Tuesday Blitz April 26 Late 2022"]
[White "Oparin, Grigoriy"]
[Black "Svane, Rasmus"]
[WhiteFideId "24125890"]
[BlackFideId "4657101"]
[WhiteElo "2665"]
[BlackElo "2645"]
[Result "1-0"]
[Round "05"]
[TimeControl "180+1"]
[Date "2022.04.26"]
[WhiteClock "0:00:13"]
[BlackClock "0:00:04"]

1. d4 Nf6 2. c4 e6 3. Nf3 d5 4. g3 Be7 5. Bg2 O-O 6. Qc2 c5 7. dxc5 Qa5+ 8. Nc3 dxc4 9. O-O Nc6 10. Bg5 Qxc5 11. Bxf6 gxf6 12. Rad1 f5 13. e4 Bf6 14. exf5 Qxf5 15. Qe2 Rd8 16. Rxd8+ Bxd8 17. Rd1 Bf6 18. Qxc4 Qc2 19. Ne1 Qxb2 20. Ne4 Be7 21. Nf3 Qb4 22. Qc2 Rb8 23. Neg5 f5 24. Qe2 Bxg5 25. Nxg5 Qe7 26. h4 Bd7 27. Qb2 h6 28. Nxe6 Bxe6 29. Bxc6 Qf7 30. Qe5 Rf8 31. Rd6 bxc6 32. Rxe6 Qg7 33. Qxg7+ Kxg7 34. Rxc6 Rf7 35. Kg2 f4 36. g4 Rd7 37. Ra6 Kh7 38. Kf3 Rf7 39. Ra4 h5 40. g5 Rc7 41. Rxf4 Rc3+ 42. Kg2 Ra3 43. Rf7+ Kg6 44. Rf6+ Kg7 45. Rc6 Rxa2 46. Kg3 Ra4 47. f3 a5 48. Ra6 Ra1 49. Kf4 Ra4+ 50. Kf5 Rxh4 51. Ra7+ Kf8 52. Rxa5 Rh2 53. Kf6 Ke8 54. f4 h4 55. g6 h3 56. g7 Rg2 57. Rg5 1-0


[Site "https://www.chess.com"]

[Event "Titled Tuesday Blitz April 26 Late 2022"]
[White "Oro, Luis"]
[Black "Mirza, Diana"]
[WhiteFideId "104094"]
[BlackFideId "2503999"]
[WhiteElo "2390"]
[BlackElo "1813"]
[Result "1-0"]
[Round "05"]
[TimeControl "180+1"]
[Date "2022.04.26"]
[WhiteClock "0:01:20"]
[BlackClock "0:01:06"]

1. e4 e5 2. Nf3 d6 3. d4 exd4 4. Nxd4 Nf6 5. Nc3 g6 6. f3 Bg7 7. Be3 O-O 8. Be2 Re8 9. O-O d5 10. Bg5 c5 11. Nb3 Qb6 12. Bxf6 Qxf6 13. Nxd5 Qe5 14. f4 Qxe4 15. Bf3 Qxf4 16. Nxf4 1-0


[Site "https://www.chess.com"]

[Event "Titled Tuesday Blitz April 26 Late 2022"]
[White "Ouellet, Maili-Jade"]
[Black "Barria Zuniga, Daniel"]
[WhiteFideId "2620472"]
[BlackFideId "3400816"]
[WhiteElo "1899"]
[BlackElo "2414"]
[Result "0-1"]
[Round "05"]
[TimeControl "180+1"]
[Date "2022.04.26"]
[WhiteClock "0:00:02"]
[BlackClock "0:01:09"]

1. d4 d5 2. c4 c6 3. Nf3 dxc4 4. a4 e6 5. Nc3 Bb4 6. g3 b5 7. Bg2 Bb7 8. O-O a6 9. Ne5 Qb6 10. Be3 Qc7 11. Bf4 Qb6 12. Be3 Qc7 13. Ne4 Nf6 14. b3 c3 15. Qc2 Nd5 16. Bf4 Qb6 17. e3 O-O 18. Nd3 a5 19. Ndc5 Na6 20. Nxb7 Qxb7 21. Ng5 g6 22. h4 Rac8 23. h5 c5 24. dxc5 Rxc5 25. Ne4 Rcc8 26. Nf6+ Kg7 27. Nxd5 exd5 0-1


[Site "https://www.chess.com"]

[Event "Titled Tuesday Blitz April 26 Late 2022"]
[White "Pakleza, Zbigniew"]
[Black "Derraugh, Geordie"]
[WhiteFideId "1119290"]
[BlackFideId "2603950"]
[WhiteElo "2467"]
[BlackElo "2116"]
[Result "1-0"]
[Round "05"]
[TimeControl "180+1"]
[Date "2022.04.26"]
[WhiteClock "0:00:25"]
[BlackClock "0:00:12"]

1. d4 Nf6 2. Nf3 g6 3. Bf4 Bg7 4. e3 O-O 5. Be2 d6 6. h3 Nbd7 7. O-O c6 8. c4 Qb6 9. Qc2 Re8 10. Nc3 e5 11. Bh2 a6 12. a3 e4 13. Nd2 d5 14. Rfc1 Nf8 15. cxd5 cxd5 16. Na4 Qe6 17. Qc7 Qf5 18. Nb6 Ne6 19. Qe5 Bd7 20. Qxf5 gxf5 21. Nxa8 Rxa8 22. Be5 Bc6 23. g3 Nd7 24. Bxg7 Kxg7 25. Nb3 a5 26. a4 Nb6 27. Bb5 Bxb5 28. axb5 Nc4 29. Nc5 Nxc5 30. dxc5 Nxb2 31. c6 bxc6 32. bxc6 Nc4 33. Rd1 Rc8 34. Rxd5 Rxc6 35. Rxf5 Kg6 36. Rd5 f6 37. Rc1 a4 38. Rd4 Ne5 39. Rxc6 Nxc6 40. Rxe4 a3 41. Ra4 Ne5 42. Rxa3 Nf3+ 43. Kg2 Ng5 44. Ra6 1-0


[Site "https://www.chess.com"]